Cool Beans, lawful female dwarven Valkyrie ---- --..| --- |...----- --.--- |.......| --....| - --......| ---.....----.- |.....-- |........|...| --...-- |.......-...-- |.^.| --...........- |..-- -............ |..| |....|.......- |.-- -..---.....-| --.| ------ |......-- |<.| ----- |......... ---.-- ----....| |..| |...---|.......... .....------....| |...-- --.| ---.[...||.........| |......|.--.....--------@..| |.| |..*).).--........- |....................(.k...| |.--- ---)................--------------------............--------G..f-- |...| |..[))^[..[...............[.........................| |..--- --..------.------..##------------------------------.|......--- ---- |.........| ---- ----.|.--- ----------- ----- Cool Beans the Fighter Experience level: 6 Strength: 18 Dexterity: 13 Constitution: 18 Intelligence: 7 Wisdom: 9 Charisma: 10 Health: 0(64) Energy: 9(9) Def: 7 Gold: 863 Moves: 3871 Dungeon seed: Crh_qCTZlAtFMj5W Game ID: Cool Beans_1516382376 Your Inventory: Coins $ - 863 gold pieces Weapons a - the blessed rustproof +1 Excalibur (weapon in hand) b - an uncursed +0 dagger c - an uncursed +0 elven arrow B - an uncursed +0 dwarvish spear P - an uncursed +0 silver saber W - an uncursed +0 elven broadsword Armor e - an uncursed +3 small shield (being worn) r - an uncursed +0 pair of water walking boots (being worn) y - an uncursed +0 elven shield Q - an uncursed +0 pair of leather gloves (being worn) Y - an uncursed +0 elven leather helm (being worn) Scrolls g - a blessed scroll of food detection i - an uncursed scroll of food detection o - an uncursed scroll of enchant armor u - an uncursed scroll of gold detection I - a blessed scroll of confuse monster S - an uncursed scroll of teleportation Potions j - an uncursed potion of paralysis k - an uncursed potion of water s - 2 uncursed potions of hallucination t - an uncursed potion of restore ability V - a cursed potion of booze Wands h - an uncursed wand of teleportation (0:8) F - an uncursed wand of speed monster (0:6) X - an uncursed wand of digging (0:5) Tools d - an uncursed oil lamp (0:403) v - a blessed oil lamp (lit) (0:386) H - an uncursed oil lamp (0:1483) U - an uncursed lock pick Gems f - an uncursed worthless piece of blue glass n - an uncursed chrysoberyl stone z - an uncursed worthless piece of yellowish brown glass E - 2 uncursed worthless pieces of green glass G - an uncursed worthless piece of yellow glass J - an uncursed jet stone K - an uncursed worthless piece of white glass N - an uncursed worthless piece of orange glass Spells and supernatural/magical abilities: Spells marked with '*' are forgotten. Spells marked with '!' are maintained. Spells marked with '#' are aliased with 'castalias'. Name Level Category Fail Memory W - pray for help -- divine ? -- Your skills at the end: Fighting Skills wands [Basic] Weapon Skills dagger [Basic] long sword [Basic] Spellcasting Skills Final Attributes: You were immune to cold. You were level-drain resistant. You had infravision. You were stealthy. You could walk on water. You were unlucky. You angered your god 53 turns ago. You are dead. Vanquished creatures: a leather golem 2 watchmen a panther a dwarf lord a plains centaur a gnome mummy 4 Woodland-elves a rock piercer a rock mole a pony a yellow light a shrieker a barrow wight a little dog a kitten a homunculus a kobold lord a rothe 5 monkeys 4 dwarf zombies a werejackal 5 killer bees an acid blob a coyote 2 hobbits a hobgoblin 2 giant rats a brown mold a red mold 4 gnomes 4 garter snakes 2 geckos 3 jackals a fox 2 goblins 6 sewer rats 2 grid bugs 10 lichens a kobold zombie 6 newts 87 creatures vanquished. Voluntary challenges: You used a wielded weapon 69 times, starting on turn 62. You read items or engraved 4 times, starting on turn 556. You never genocided any monsters. You never polymorphed an object. You changed form 1 time, starting on turn 3255. You used no wishes. You never split a pudding. You never wrote Elbereth's name. You violated your moral code, losing 69 points of alignment, starting on turn 2917. Dungeon overview: The Dungeons of Doom: levels 1 to 4 Level 1 a fountain, a vault a long staircase Level 2 a general store, an altar to Odin, a fountain Level 3 a fountain, a vault Level 4 stairs to The Gnomish Mines The Gnomish Mines: levels 5 to 9 Level 5 stairs to The Dungeons of Doom Level 6 Level 7 a delicatessen, a temple to Tyr, a fountain Level 8 Level 9 <- You were here History has recorded: On T:1 you entered the Dungeons of Doom to retrieve the Amulet of Yendor! On T:380 you advanced to experience level 2. On T:412 you reached level 2 of The Dungeons of Doom. On T:845 you advanced to experience level 3. On T:896 you reached level 3 of The Dungeons of Doom. On T:1512 you reached level 4 of The Dungeons of Doom. On T:1602 you advanced to experience level 4. On T:1829 you reached level 1 of The Gnomish Mines. On T:2078 you reached level 4 of The Gnomish Mines. On T:2345 you reached level 2 of The Gnomish Mines. On T:2764 you reached level 3 of The Gnomish Mines. On T:2822 you advanced to experience level 5. On T:2884 you advanced to experience level 6. On T:3204 you reached level 5 of The Gnomish Mines. Score breakdown: Gold: 863 ( 9989 points) Experience: 6 levels (12456 points) Exploration: 9 levels ( 18.75%) (12377 points) Discoveries: 6 items ( 2.41%) ( 4656 points) Valuables value: (no points given unless you survive) Artifact value: 4000 (12253 points) Variety of kills: 40 monsters ( 10.53%) ( 9733 points) Turncount: 3871 turns ( -976 points) Survival: died (score multiplied by 80%) Total score: 48390 Latest messages: You faint from lack of food. You come to. You stop. Your large cat is in the way! You faint from lack of food. You come to. The kobold lady wields a long sword! The kobold lady swings her long sword at you. The kobold lady hits! You faint from lack of food. The kobold lady swings her long sword at you. The kobold lady hits! The kobold lady swings her long sword at you. The kobold lady hits! The kobold lady swings her long sword at you. The kobold lady hits! The kobold lady swings her long sword at you. The kobold lady hits! The kobold lady swings her long sword at you. The kobold lady hits! The kobold lady swings her long sword at you. The kobold lady hits! You die... Final status: Farvel Cool Beans the Valkyrie, killed by a kobold lady, while fainted from lack of food... You died in The Gnomish Mines on dungeon level 9 with 48390 points, and 863 pieces of gold, after 3871 moves. You were level 6 with a maximum of 64 hit points when you died.